 Dungeon Crawl Stone Soup version 0.28-a0-479-g5baa6b73be (webtiles) character file.

Game seed: 1513861230012290440

3337 pokeman the Thaumaturge (level 9, -32/48 HPs)
             Began as a Deep Elf Hedge Wizard on Sept 18, 2021.
             Was a Believer of Vehumet.
             Annihilated by a boulder beetle (35 damage)
             ... on level 7 of the Dungeon.
             The game lasted 00:26:58 (8845 turns).

pokeman the Thaumaturge (Deep Elf Hedge Wizard)     Turns: 8845, Time: 00:27:00

Health: -32/48     AC:  7    Str:  7    XL:     9   Next: 72%
Magic:  0/27       EV: 12    Int: 23    God:    Vehumet [**....]
Gold:   425        SH:  0    Dex: 14    Spells: 14/33 levels left

rFire   . . .      SeeInvis +   D - +2 falchion (elec)
rCold   . . .      Faith    .   (no shield)
rNeg    . . .      Spirit   .   j - +0 leather armour
rPois   +          Reflect  .   c - +0 hat
rElec   .          Harm     .   (no cloak)
rCorr   .          Rampage  .   n - +2 pair of gloves
Will    .....                   g - +0 pair of boots
Stlth   ++........              (no amulet)
HPRegen 0.16/turn               C - ring of poison resistance
MPRegen 0.20/turn               x - ring of see invisible

@: no status effects
A: no striking features
a: Renounce Religion


You were on level 7 of the Dungeon.
You worshipped Vehumet.
Vehumet was pleased with you.
You visited 2 branches of the dungeon, and saw 8 of its levels.

You collected 425 gold pieces.

Inventory:

Hand Weapons
 u - the +4 flail of Ignis's Grace {vorpal, Str+4}
   (You found it on level 4 of the Dungeon)

   It inflicts extra damage upon your enemies.
   Str:       It affects your strength (+4).
 D - a +2 falchion of electrocution (weapon)
Missiles
 f - 75 arrows
 k - 52 bolts
 m - 5 curare-tipped darts
 y - 11 throwing nets
Armour
 c - a +0 hat (worn)
 g - a +0 pair of boots (worn)
 j - a +0 leather armour (worn)
 n - a +2 pair of gloves (worn)
 p - a +0 buckler
Magical Staves
 t - a staff of cold
Jewellery
 l - a ring of protection from cold
 x - a ring of see invisible (right hand)
 C - a ring of poison resistance (left hand)
Wands
 A - a wand of iceblast (15)
Scrolls
 a - a scroll of enchant weapon {unknown}
 e - a scroll of amnesia {unknown}
 h - 5 scrolls of identify {unknown}
 i - 3 scrolls of teleportation {unknown}
 r - 3 scrolls of blinking {unknown}
 z - 3 scrolls of silence {unknown}
 B - a scroll of acquirement {unknown}
 E - a scroll of vulnerability {unknown}
 F - a scroll of enchant armour {unknown}
 G - a scroll of immolation {unknown}
Potions
 b - a potion of degeneration {unknown}
 d - 2 potions of heal wounds {unknown}
 o - 3 potions of flight {unknown}
 q - 2 potions of lignification {unknown}
 s - 2 potions of might {unknown}
 v - a potion of curing
 w - a potion of invisibility {unknown}


   Skills:
 - Level 2.0 Fighting
 + Level 2.7 Armour
 - Level 3.2 Dodging
 - Level 3.1 Stealth
 - Level 3.1 Shields
 * Level 12.6 Spellcasting
 + Level 7.1 Conjurations
 - Level 1.1 Summonings
 - Level 1.1 Translocations
 - Level 1.0 Fire Magic
 - Level 1.0 Ice Magic
 - Level 1.1 Air Magic
 + Level 1.5 Earth Magic
 - Level 2.2 Poison Magic
 - Level 1.0 Evocations


You had 14 spell levels left.
You knew the following spells:

 Your Spells              Type           Power      Damage    Failure   Level
a - Magic Dart            Conj           100%       1d8       1%          1
b - Mephitic Cloud        Conj/Pois/Air  30%        N/A       4%          3
c - Call Imp              Summ           19%        N/A       6%          2
d - Blink                 Tloc           N/A        N/A       6%          2
e - Conjure Flame         Conj/Fire      33%        6-21      3%          3
f - Lehudib's Crystal Sp  Conj/Erth      17%        10d5      100%        8

Your spell library contained the following spells:

 Spells                   Type           Power      Damage    Failure   Level
 Static Discharge         Conj/Air       33%        N/A       1%          2
 Slow                     Hex            14%        N/A       10%         2
 Frozen Ramparts          Ice            38%        1d5       12%         3
 Gell's Gravitas          Tloc           9%         N/A       12%         3
 Teleport Other           Tloc           19%        N/A       12%         3
 Confusing Touch          Hex            14%        N/A       19%         3
 Vampiric Draining        Necr           7%         2d7       19%         3
 Passage of Golubria      Tloc           N/A        N/A       36%         4
 Summon Ice Beast         Ice/Summ       19%        N/A       38%         4
 Ice Form                 Ice/Tmut       16%        N/A       45%         4
 Silence                  Hex/Air        8%         N/A       80%         5
 Dispersal                Tloc           9%         N/A       99%         6


Dungeon Overview and Level Annotations

Branches:
Dungeon (7/15)             Temple (1/1) D:5

Altars:
Cheibriados
Dithmenos
Elyvilon
Fedhas
Hepliaklqana
Kikubaaqudgha
Nemelex Xobeh
Qazlal
Ru
Trog
Uskayaw
Vehumet
Wu Jian
Zin
The Shining One

Shops:
D:2 *   D:3 [


Message History

The boulder beetle is heavily wounded.
The boulder beetle is engulfed in blazing flames.
The boulder beetle bites you!
* * * LOW HITPOINT WARNING * * *
Unknown command.
Casting: Mephitic Cloud (dangerous; 4% risk of failure)
Confirm with . or Enter, or press ? or * to list all spells.
You blink.
The boulder beetle is engulfed in blazing flames.
The boulder beetle leaps!
Casting: Blink (safe; 6% risk of failure)
Confirm with . or Enter, or press ? or * to list all spells.
Aiming: Magic Dart (safe; 1% risk of failure)
Press: ? - help, Shift-Dir - straight line, f/p - boulder beetle
Aim: a boulder beetle (almost dead, 100% to hit)
The magic dart hits the boulder beetle.
The boulder beetle is almost dead.
The boulder beetle curls into a ball and begins rolling!
Aiming: Iceblast
Press: ? - help, Shift-Dir - straight line, f/p - boulder beetle
Aim: a boulder beetle (almost dead, rolling)
The mass of ice explodes!
The iceblast engulfs the boulder beetle.
The boulder beetle is almost dead.
Unknown command.
Aiming: Iceblast
Press: ? - help, Shift-Dir - straight line, f/p - boulder beetle
Aim: a boulder beetle (almost dead, rolling)
The mass of ice explodes!
The iceblast engulfs the boulder beetle but does no damage.
The boulder beetle is almost dead.
Unknown command.
Aiming: Iceblast
Press: ? - help, Shift-Dir - straight line, p - boulder beetle The mass of ice explodes!
The iceblast engulfs the boulder beetle but does no damage.
The boulder beetle is almost dead.
The boulder beetle hits you!!
Ouch! That really hurt!
You die...

#.....# #.♣♣♣.# #.♣ ♣.#
#.♣♣♣.# #.....# ##♣.♣##
#########.#
♣♣♣...♣♣♣♣♣#.........#
♣.♣♣♣♣.♣♣.♣#§##.######
♣...♣♣).♣.#@##.##
♣..♣♣.♣♣♣#B.<..##
♣....♣♣ #.°....#
######.########..°...?#
..................$....#
............°..........#
######........?........#
#....°............#
#....B............#


You could see a boulder beetle (rolling).

Vanquished Creatures
  3 yaks (D:6)
  Menkaure (D:4)
  Duvessa (D:5)
  A water moccasin (D:7)
  A sky beast (D:5)
  2 necrophages
  A wolf (D:5)
  2 ogres
  Blork the orc (D:4)
  A kobold brigand (D:5)
  A scorpion (D:6)
  3 bullfrogs
  4 gnoll sergeants (D:5)
  Dowan (D:5)
  A centaur zombie (D:7)
  12 hounds
  3 jellies
  5 gnoll shamans (D:5)
  3 iguanas
  Natasha (thrice) (D:4)
  An orc wizard (D:4)
  2 killer bee zombies
  A hound skeleton (D:4)
  29 gnolls (D:5)
  11 adders
  A white imp (D:7)
  An ufetubus (D:4)
  A worm (D:2)
  3 dart slugs (D:2)
  4 orcs
  3 bats (D:1)
  3 endoplasms
  2 giant cockroaches (D:2)
  3 goblins
  7 hobgoblins
  19 jackals
  2 quokkas
  7 ball pythons
  A frilled lizard (D:3)
  9 kobolds
  4 rats
164 creatures vanquished.

Vanquished Creatures (collateral kills)
  A hound (D:4)
  A gnoll (D:7)
  An orc (D:7)
3 creatures vanquished.

Vanquished Creatures (others)
  2 plants (D:7)
2 creatures vanquished.

Grand Total: 169 creatures vanquished

Notes
Turn   | Place    | Note
-------+----------+-------------------------------------------
     0 | D:1      | pokeman the Deep Elf Hedge Wizard began the quest for the
                  | Orb.
     0 | D:1      | Reached XP level 1. HP: 10/10 MP: 7/7
    52 | D:1      | Found a faded altar of an unknown god.
   606 | D:1      | Reached XP level 2. HP: 16/16 MP: 5/9
   902 | D:2      | Found Cobrapp's Assorted Antiques.
   999 | D:2      | Reached skill level 5 in Spellcasting
  1248 | D:2      | Reached XP level 3. HP: 20/20 MP: 6/11
  1252 | D:2      | Learned a level 3 spell: Mephitic Cloud
  1255 | D:2      | Learned a level 2 spell: Call Imp
  1258 | D:2      | Learned a level 2 spell: Blink
  1269 | D:2      | Learned a level 3 spell: Conjure Flame
  1427 | D:2      | Reached skill level 1 in Fighting
  1427 | D:2      | Reached skill level 1 in Armour
  2117 | D:2      | Reached XP level 4. HP: 25/25 MP: 2/13
  2703 | D:3      | Reached skill level 1 in Fire Magic
  3045 | D:3      | Found Hiwnesmedu's Antique Armour Shop.
  3065 | D:3      | Noticed an ogre
  3071 | D:3      | Killed an ogre
  3072 | D:3      | Reached skill level 6 in Spellcasting
  3072 | D:3      | Reached skill level 1 in Air Magic
  3072 | D:3      | Reached XP level 5. HP: 29/29 MP: 4/15
  3401 | D:4      | Noticed Natasha
  3408 | D:4      | Killed Natasha
  3410 | D:4      | Noticed Menkaure
  3439 | D:4      | Killed Menkaure
  3440 | D:4      | Reached skill level 1 in Shields
  3440 | D:4      | Reached skill level 7 in Spellcasting
  3440 | D:4      | Reached skill level 1 in Poison Magic
  3440 | D:4      | Reached XP level 6. HP: 10/34 MP: 1/18
  3545 | D:4      | Noticed Natasha
  3554 | D:4      | Killed Natasha
  3588 | D:4      | Identified the +4 flail of Ignis's Grace {vorpal, Str+4}
  3609 | D:4      | Noticed Natasha
  3625 | D:4      | Killed Natasha
  3778 | D:4      | Noticed Blork the orc
  4008 | D:4      | Killed Blork the orc
  4009 | D:4      | Reached XP level 7. HP: 38/38 MP: 7/20
  4603 | D:5      | Entered Level 5 of the Dungeon
  4682 | D:5      | Reached skill level 8 in Spellcasting
  4682 | D:5      | Reached skill level 1 in Ice Magic
  4682 | D:5      | Reached skill level 1 in Evocations
  5081 | D:5      | Found a staircase to the Ecumenical Temple.
  5124 | Temple   | Entered the Ecumenical Temple
  5184 | Temple   | Became a worshipper of Vehumet
  5217 | D:5      | Noticed Duvessa
  5222 | D:5      | Noticed Dowan
  5478 | D:5      | Killed Dowan
  5479 | D:5      | Reached skill level 9 in Spellcasting
  5496 | D:5      | Killed Duvessa
  5497 | D:5      | Reached XP level 8. HP: 7/44 MP: 9/23
  5983 | D:5      | Reached skill level 5 in Conjurations
  6006 | D:5      | Reached skill level 10 in Spellcasting
  6212 | D:5      | Reached * piety under Vehumet
  6212 | D:5      | Offered knowledge of Sandblast by Vehumet.
  6622 | D:5      | Reached skill level 11 in Spellcasting
  6910 | D:5      | Reached XP level 9. HP: 48/48 MP: 16/26
  6919 | D:5      | Learned a level 8 spell: Lehudib's Crystal Spear
  7121 | D:5      | Offered knowledge of Static Discharge by Vehumet.
  7130 | D:5      | Reached ** piety under Vehumet
  7814 | D:6      | Reached skill level 12 in Spellcasting
  8448 | D:7      | Reached skill level 1 in Earth Magic
  8695 | D:7      | Noticed a boulder beetle
  8845 | D:7      | Annihilated by a boulder beetle

Illustrated notes

Levels and vault maps discovered:
D:1:      ncdulo_smallfort, layout_loops_ring, ebering_ecumenical_altar_webs
D:2:      layout_loops_cross, serial_shops, shop, minmay_pentomino_u2
D:3:      layout_basic, serial_shops, nicolae_shop_stone
D:4:      layout_loops_ring, st_stairs_4, uniq_natasha, uniq_blork_the_orc,
          uniq_menkaure
D:5:      layout_cave_pools, minmay_temple_entry_slanted, serial_gnoll_camp,
          gnoll_camp_medium_02, gnoll_camp_mini_basic, gnoll_camp_huts_moat,
          gnoll_camp_mini_hut, gnoll_camp_mini_basic, gnoll_camp_mini_house,
          uniq_duvessa
D:6:      layout_basic, minmay_misc_feat_iff, lemuel_flamethrower_1
D:7:      nzn_winding_woodlands_stair_cross
          [nzn_winding_woodlands_5x15_pathside_ponds,
          nzn_winding_woodlands_center_pierced_h,
          nzn_winding_woodlands_5x15_pool, nzn_winding_woodlands_5x5_default,
          nzn_winding_woodlands_5x5_perimeter,
          nzn_winding_woodlands_5x15_longhouse,
          nzn_winding_woodlands_center_garden,
          nzn_winding_woodlands_5x15_crooked], layout_rooms
Temple:   regret_index_temple_sigil_plot

Skill      XL: |  1  2  3  4  5  6  7  8  9 |
---------------+----------------------------+-----
Spellcasting   | 5 6 7 9 11 12 | 12.6
Fighting       | 1 2 |  2.0
Armour         | 1 2 |  2.7
Conjurations   | 2 3 4 6 7 |  7.1
Fire Magic     | 1 |  1.0
Dodging        | 3 |  3.2
Air Magic      | 1 |  1.1
Shields        | 1 2 3 |  3.1
Poison Magic   | 1 2 |  2.2
Stealth        | 3 |  3.1
Ice Magic      | 1 |  1.0
Evocations     | 1 |  1.0
Earth Magic    | 1 |  1.5
Summonings     | |  1.1
Translocations | |  1.1

Action                   |  1- 3 |  4- 6 |  7- 9 || total
-------------------------+-------+-------+-------++-------
Melee: Dagger            |     5 |       |       ||     5
       War axe           |       |     8 |       ||     8
       Flail             |       |    16 |    40 ||    56
       Falchion          |       |       |    30 ||    30
       Whip              |       |       |    15 ||    15
 Cast: Magic Dart        |    96 |   117 |   305 ||   518
       Mephitic Cloud    |       |     8 |    33 ||    41
       Conjure Flame     |       |     2 |    21 ||    23
       Call Imp          |       |     2 |     2 ||     4
       Blink             |       |       |     1 ||     1
Evoke: Wand              |       |       |     3 ||     3
 Stab: Confused          |       |     2 |    10 ||    12
Armor: Robe              |     9 |       |       ||     9
       Leather armour    |     1 |    27 |    36 ||    64
Dodge: Dodged            |    16 |    41 |   105 ||   162

Table legend: (Time is in decaauts)
 A = Elapsed time spent in this place.
 B = Non-inter-level travel time spent in this place.
 C = Inter-level travel time spent in this place.
 D = Time resting spent in this place.
 E = Time spent auto-exploring this place.
 F = Levels seen in this place.
 G = Mean time per level.
                   A        B        C        D        E       F      G
               +--------+--------+--------+--------+--------+-----+--------+
         Total |   8881 |   8649 |    232 |    900 |   6279 |   8 | 1110.1 |
       Dungeon |   8578 |   8366 |    212 |    682 |   6234 |   7 | 1225.4 |
        Temple |    302 |    282 |     20 |    218 |     45 |   1 |  302.0 |
               +--------+--------+--------+--------+--------+-----+--------+

Top non-repeatable levels by time:
     D:5: 2522 daAuts
     D:2: 1729 daAuts
     D:4: 1505 daAuts
     D:1: 902 daAuts
     D:6: 858 daAuts
     D:3: 646 daAuts
     D:7: 414 daAuts
  Temple: 302 daAuts
